Map: [ESL] Data-C

Players

Serral - Winner!

  • Race: Zerg Zerg
  • Spawn Location: 3:00

soO

  • Race: Zerg Zerg
  • Spawn Location: 9:00

Event: HomeStory Cup XXI

VOD

Have the link to the VOD?

Description

Time

  • Played on: July 23, 2022, 8:21 a.m.
  • Length: 16:07

All games in this series

Show
View Real Time Build Order
Export as new Build Order

Serral Zerg - Winner!

Build Orders: Hatch First, Lurkers 

Get SALT Encoding   

  12  0:00  Drone  
  13  0:11  Overlord  
  13  0:16  Drone  
  14  0:30  Drone x2  
  14  0:34  Drone  
  17  0:51  Hatchery  
  17  0:54  Drone  
  17  0:57  Drone  
  18  1:08  Extractor  
  17  1:12  Spawning Pool  
  17  1:15  Drone  
  17  1:18  Drone  
  18  1:28  Drone  
  19  1:38  Drone  
  20  1:48  Overlord  
  20  1:59  Queen  
  22  2:02  Queen  
  22  2:03  Zergling x2  
  22  2:04  Drone  
  26  2:10  Drone  
  26  2:11  Metabolic Boost  
  26  2:13  Drone  
  28  2:20  Drone  
  29  2:24  Zergling x2  
  30  2:35  Hatchery  
  30  2:36  Drone  
  30  2:39  Drone  
  31  2:47  Drone  
  31  2:48  Baneling Nest  
  31  2:54  Overlord  
  31  2:58  Drone x2  
  31  3:04  Zergling x2  
  33  3:09  Zergling x2  
  33  3:10  Zergling x2  
  35  3:14  Zergling x10  
  35  3:19  Zergling x2  
  41  3:20  Zergling x2  
  42  3:28  Overlord  
  42  3:31  Zergling x2  
  42  3:32  Baneling  
  42  3:33  Baneling x2  
  43  3:48  Drone x8  
  47  4:00  Drone x4  
  49  4:07  Queen  
  49  4:11  Baneling x2  
  49  4:12  Evolution Chamber, Zergling x4  
  49  4:15  Overlord  
  50  4:20  Zergling x8  
  50  4:23  Zergling x2  
  54  4:24  Extractor  
  53  4:32  Baneling x2  
  53  4:33  Roach Warren  
  53  4:34  Drone x3  
  53  4:37  Overlord  
  54  4:39  Overlord  
  54  4:43  Drone x2  
  56  4:48  Zerg Missile Weapons Level 1  
  56  4:49  Drone  
  56  4:50  Extractor  
  56  4:52  Overlord  
  56  4:55  Zergling x2  
  56  4:58  Drone x3  
  60  5:04  Lair  
  60  5:06  Drone x2  
  62  5:12  Drone x3  
  62  5:13  Drone  
  66  5:14  Baneling x2  
  66  5:17  Drone x2  
  66  5:21  Drone x2  
  70  5:26  Overlord  
  70  5:28  Roach x2  
  73  5:42  Roach x3  
  76  5:43  Baneling x2  
  76  5:44  Drone  
  76  5:45  Drone x3  
  80  5:52  Roach x2  
  80  5:53  Overlord  
  80  5:55  Roach x4  
  92  5:58  Spine Crawler  
  93  6:09  Extractor  
  93  6:10  Drone x3, Extractor  
  93  6:11  Extractor, Drone  
  95  6:13  Drone  
  95  6:18  Overlord  
  93  6:19  Spire  
  93  6:20  Drone x9  
  101  6:26  Overlord  
  101  6:31  Hatchery  
  100  6:33  Glial Reconstitution  
  100  6:36  Overlord  
  100  6:37  Overlord  
  100  6:39  Overseer  
  100  6:44  Zerg Missile Weapons Level 2  
  100  6:49  Overlord  
  99  6:55  Roach x2  
  99  6:56  Roach x4  
  110  7:08  Drone x3  
  110  7:09  Drone x2  
  114  7:29  Overlord  
  114  7:32  Mutalisk x6, Extractor  
  114  7:34  Roach x3  
  130  7:38  Roach x3  
  136  7:44  Queen  
  138  7:54  Roach x10  
  138  7:57  Overlord  
  158  8:04  Overlord x4  
  158  8:07  Roach  
  156  8:21  Drone x4  
  156  8:22  Drone x3  
  156  8:26  Roach x5  
  171  8:30  Centrifugal Hooks  
  171  8:33  Roach, Drone  
  174  8:45  Roach x2  
  174  8:46  Roach  
  180  8:49  Zergling x6  
  180  8:50  Zergling x14  
  180  8:55  Zergling x4  
  192  9:03  Zergling x10  
  192  9:06  Zergling x4  
  199  9:13  Zerg Ground Armor Level 1  
  199  9:16  Baneling x24  
  198  9:21  Overseer  
  198  9:24  Baneling x14  
  198  9:45  Pneumatized Carapace  
  194  10:05  Roach  
  194  10:06  Roach x16  
  196  10:09  Roach  
  196  10:10  Roach x5  
  183  10:18  Roach x14  
  187  10:26  Roach x5  
  183  10:30  Roach  
  183  10:33  Roach x2  
  183  10:34  Ravager x2  
  191  10:37  Overlord  
  191  10:42  Overlord  
  191  10:47  Overlord  
  192  10:50  Ravager  
  192  10:53  Overlord  
  192  11:01  Roach x3, Ravager  
  197  11:08  Hatchery  
  180  11:11  Roach x9  
  180  11:12  Roach  
  180  11:16  Roach x5  
  180  11:17  Overseer  
  182  11:26  Roach x4  
  182  11:29  Infestation Pit  
  182  11:31  Hydralisk Den  
  182  11:32  Drone, Extractor  
  179  11:33  Spore Crawler, Drone  
  179  11:34  Spine Crawler  
  179  11:36  Drone  
  179  11:39  Ravager x3  
  182  11:48  Overseer  
  182  11:49  Roach  
  182  11:50  Roach x8  
  188  12:12  Hive  
  188  12:15  Lurker Den, Overseer  
  186  12:17  Roach  
  186  12:18  Roach x6  
  186  12:20  Overlord  
  199  12:28  Roach  
  199  12:29  Roach x8  
  195  12:35  Roach x4  
  172  12:49  Drone  
  172  12:50  Hydralisk x6  
  185  12:54  Grooved Spines  
  183  13:08  Drone  
  183  13:09  Drone x2  
  183  13:10  Spore Crawler  
  183  13:11  Spine Crawler  
  183  13:12  Spine Crawler  
  183  13:15  Overseer, Lurker x5  
  188  13:20  Evolution Chamber  
  188  13:23  Drone x3  
  188  13:24  Drone  
  188  13:25  Zerg Missile Weapons Level 3  
  188  13:26  Extractor  
  190  13:28  Extractor  
  189  13:37  Seismic Spines  
  189  13:41  Drone x3  
  192  13:48  Zerg Ground Armor Level 2  
  192  13:55  Spore Crawler, Lurker  
  192  13:56  Spine Crawler  
  192  13:58  Hydralisk x3  
  192  13:59  Spine Crawler  
  196  14:06  Muscular Augments  
  196  14:14  Spine Crawler  
  196  14:15  Viper  
  196  14:17  Overseer  
  198  14:34  Adaptive Talons  
  198  14:45  Overseer  
  192  14:47  Hydralisk  
  192  14:48  Hydralisk x4  
  200  14:54  Overseer  
  194  15:00  Hatchery  
  194  15:02  Hydralisk x6  
  192  15:14  Viper x2  
  198  15:27  Hydralisk x5  
  200  15:35  Hydralisk x10  
  182  15:39  Hydralisk x6  
Show
View Real Time Build Order
Export as new Build Order

soO Zerg 

Build Orders: Hatch First, Roach Hydra, Zergling Baneling 

Get SALT Encoding   

  12  0:00  Drone  
  13  0:12  Overlord  
  13  0:17  Drone  
  14  0:30  Drone x2  
  16  0:48  Hatchery  
  15  0:51  Drone  
  15  0:54  Drone  
  17  0:58  Drone  
  18  1:09  Extractor  
  17  1:13  Spawning Pool  
  17  1:16  Drone  
  17  1:20  Drone  
  18  1:27  Drone  
  19  1:38  Drone  
  20  2:00  Queen  
  20  2:01  Queen, Zergling x2  
  23  2:03  Drone x2  
  27  2:10  Overlord  
  27  2:11  Drone  
  27  2:12  Metabolic Boost  
  28  2:31  Hatchery  
  28  2:32  Drone  
  28  2:33  Drone  
  30  2:37  Drone  
  30  2:40  Drone  
  31  2:46  Queen  
  33  2:53  Baneling Nest  
  33  2:56  Overlord  
  32  2:58  Zergling x2  
  32  3:03  Zergling x2  
  32  3:04  Drone  
  35  3:05  Zergling x2  
  36  3:17  Drone x2  
  36  3:18  Drone x2  
  40  3:20  Overlord  
  40  3:23  Drone  
  40  3:24  Drone  
  42  3:29  Overlord  
  42  3:33  Zergling x2  
  43  3:37  Baneling x2  
  43  3:38  Baneling x2  
  43  3:40  Zergling x4  
  45  3:45  Drone  
  45  3:46  Evolution Chamber  
  43  3:58  Zergling x2  
  43  4:01  Queen  
  43  4:03  Zergling x12  
  43  4:08  Baneling x2  
  49  4:18  Drone x6  
  49  4:20  Drone  
  49  4:23  Baneling x2  
  55  4:24  Drone x2  
  55  4:26  Extractor  
  55  4:27  Extractor  
  55  4:28  Drone x2  
  55  4:40  Drone  
  55  4:41  Roach Warren  
  55  4:43  Drone  
  56  4:46  Drone x2  
  56  4:48  Zerg Missile Weapons Level 1  
  56  4:50  Drone x3  
  56  4:52  Drone x2  
  63  5:01  Overlord  
  63  5:10  Overlord  
  63  5:11  Overlord  
  63  5:13  Drone x2, Lair  
  64  5:19  Drone x2  
  66  5:22  Drone x2  
  66  5:23  Roach x3  
  66  5:24  Overlord  
  66  5:27  Overlord  
  74  5:29  Roach  
  70  5:44  Drone x8  
  70  5:45  Drone  
  70  5:47  Drone x2  
  81  6:01  Drone x3  
  81  6:02  Drone  
  85  6:08  Extractor x2  
  83  6:11  Overseer  
  83  6:12  Glial Reconstitution, Drone  
  83  6:14  Drone  
  83  6:15  Roach x3  
  83  6:16  Roach x3, Evolution Chamber  
  96  6:18  Overseer  
  96  6:20  Drone  
  96  6:21  Drone  
  98  6:35  Drone x2  
  98  6:38  Roach x3, Hatchery  
  98  6:39  Overlord, Extractor  
  104  6:41  Overlord  
  104  6:42  Overlord  
  104  6:44  Zerg Missile Weapons Level 2  
  104  6:45  Zerg Ground Armor Level 1  
  104  6:48  Overlord  
  104  6:49  Drone  
  106  6:55  Pneumatized Carapace, Hatchery  
  106  6:59  Drone x2  
  106  7:00  Roach x3  
  113  7:04  Roach x2  
  117  7:10  Roach x3  
  117  7:13  Roach x3  
  129  7:16  Roach  
  129  7:17  Roach  
  133  7:28  Roach  
  133  7:29  Roach, Overlord  
  137  7:34  Overlord  
  137  7:36  Overlord  
  137  7:38  Overlord  
  137  7:40  Overlord  
  137  7:44  Overlord  
  137  7:48  Roach x4  
  144  7:52  Roach  
  144  7:53  Roach  
  144  7:56  Ravager x4  
  152  8:00  Roach x8  
  152  8:03  Queen  
  170  8:07  Hydralisk Den  
  169  8:14  Spore Crawler  
  169  8:16  Spore Crawler  
  166  8:24  Drone x2  
  166  8:25  Queen x2  
  166  8:26  Spore Crawler  
  166  8:34  Drone x2  
  166  8:35  Spore Crawler  
  166  8:37  Grooved Spines, Hydralisk x3  
  166  8:39  Overlord  
  175  8:44  Overlord  
  173  8:57  Overlord  
  169  9:03  Hydralisk x7  
  169  9:07  Drone  
  184  9:10  Overlord  
  184  9:11  Overlord  
  182  9:18  Roach  
  182  9:19  Roach x4  
  182  9:24  Zerg Ground Armor Level 2, Overlord  
  191  9:31  Roach x4  
  199  9:46  Overlord  
  199  9:49  Muscular Augments  
  199  9:52  Lurker Den  
  199  9:59  Roach x2  
  198  10:00  Roach  
  198  10:01  Roach x2  
  152  10:09  Hydralisk x10  
  152  10:11  Roach  
  152  10:12  Drone  
  133  10:15  Drone x2  
  133  10:20  Roach  
  133  10:21  Roach  
  129  10:24  Drone x2  
  123  10:28  Drone x2  
  123  10:29  Drone x3  
  123  10:31  Drone x2  
  123  10:34  Hydralisk  
  132  10:37  Drone x2  
  134  10:43  Roach x4  
  134  10:49  Drone x3  
  144  10:52  Roach x3  
  144  10:54  Lurker x2  
  152  10:59  Extractor  
  152  11:01  Roach x4  
  152  11:04  Roach  
  159  11:07  Roach  
  159  11:10  Roach  
  159  11:11  Roach  
  155  11:12  Roach  
  155  11:15  Roach x3  
  155  11:16  Roach  
  138  11:23  Roach x3  
  133  11:26  Roach  
  133  11:29  Roach  
  137  11:33  Roach x3  
  139  11:44  Hatchery  
  138  11:49  Roach x3  
  138  11:51  Ravager  
  138  11:53  Roach x2  
  145  12:03  Roach x3  
  150  12:20  Roach  
  150  12:21  Roach x3, Hatchery  
  157  12:27  Roach  
  148  12:31  Roach  
  148  12:35  Roach  
  138  12:39  Roach  
  138  12:43  Roach, Queen  
  140  12:49  Roach x3  
  140  12:51  Ravager x2  
  147  12:56  Roach  
  150  13:02  Roach  
  150  13:03  Roach x2  
  156  13:07  Roach  
  156  13:11  Ravager  
  159  13:13  Roach  
  159  13:15  Overlord  
  159  13:17  Overlord  
  161  13:23  Overlord  
  161  13:35  Infestation Pit  
  161  13:37  Hydralisk x4  
  168  13:43  Overseer  
  168  13:47  Queen  
  170  13:49  Queen  
  172  14:07  Extractor  
  172  14:09  Overseer  
  171  14:10  Lurker  
  171  14:11  Drone x3  
  171  14:13  Extractor  
  171  14:15  Drone  
  171  14:16  Hive  
  175  14:17  Drone x3  
  178  14:29  Hatchery  
  177  14:34  Overlord  
  177  14:35  Overlord  
  175  14:44  Roach x4  
  172  14:46  Overlord  
  172  14:50  Overlord  
  172  14:51  Roach x5  
  173  14:53  Roach x2  
  173  14:55  Roach x2  
  173  14:59  Hydralisk x4  
  181  15:05  Hydralisk x4  
  190  15:16  Overseer  
  182  15:32  Hydralisk x3  
  182  15:34  Hydralisk x3  
  158  15:36  Hydralisk x2  
  158  15:37  Hydralisk  
  158  15:38  Hydralisk x2  
  158  15:40  Hydralisk  
Tags
 
Add a new tag
Caveats
  • Supply blocks, unpowered buildings, or Contaminate may cause inaccurate times.
  • Supply counts are checked every 10 seconds.